 Dungeon Crawl Stone Soup version bcrawl-1.18 (webtiles) character file.

Game seed: 13984616545409490717

6743 Anmu the Destroyer (level 11, -2/61 HPs)
             Began as a Fairy Conjurer on Nov 2, 2019.
             Was a Believer of Sif Muna.
             Shot with a sling bullet by Joseph (6 damage)
             ... on level 8 of the Dungeon.
             The game lasted 00:15:53 (6810 turns).

Anmu the Destroyer (Fairy Conjurer)                 Turns: 6810, Time: 00:15:54

Health: -2/61      AC:  8    Str:  6    XL:     11   Next: 4%
Magic:  1/29       EV: 22    Int: 22    God:    Sif Muna [**....]
Gold:   405        SH:  9    Dex: 13    Spells: 27/34 levels left

rFire    . . .     SeeInvis .   k - +2 dagger of the Other Side {chaos, rN+ Stlth+}
rCold    . . .     Gourm    .   (shield restricted)
rNeg     + . .     Faith    .   (armour unavailable)
rPois    +         Spirit   .   (helmet restricted)
rElec    .         Reflect  +   (no cloak)
rCorr    .         Harm     .   g - +1 pair of gloves
MR       +....                  (no boots)
Stlth    ++........             u - +3 amulet of reflection
HPRegen  0.20/turn              (no ring)
MPRegen  0.21/turn              (no ring)

@: flying evasively, very slightly contaminated
A: small, magic attunement, unstealthy, unfitting armour, horns 1, poison
resistance, MP-powered wands, able to fly, AC/SH +6
a: Stop Flying, Divine Energy, Renounce Religion


You were on level 8 of the Dungeon.
You worshipped Sif Muna.
Sif Muna was pleased with you.
You were not hungry.

You visited 2 branches of the dungeon, and saw 9 of its levels.

You collected 405 gold pieces.

Inventory:

Hand Weapons
 k - the +2 dagger of the Other Side (weapon) {chaos, rN+ Stlth+}
   (You took it off a big kobold on level 3 of the Dungeon)

   Each time it hits an enemy it has a different, random effect.
   It protects you from negative energy.
   It makes you more stealthy.
Missiles
 q - 2 throwing nets (quivered) {!f}
Armour
 e - a +0 helmet
 g - a +1 pair of gloves (worn)
Jewellery
 o - an uncursed ring of poison resistance
 u - a +3 amulet of reflection (around neck)
Wands
 f - a wand of enslavement (6)
 h - a wand of paralysis (6)
 m - a wand of polymorph (11)
 s - a wand of clouds (6)
 v - a wand of disintegration (24)
Scrolls
 d - 2 scrolls of blinking
 i - 9 scrolls of identify
 j - 2 scrolls of fear
 r - 4 scrolls of teleportation
Potions
 a - a potion of resistance
 b - a potion of magic
 p - 4 potions of heal wounds
 t - a potion of lignification
 w - a potion of haste
Comestibles
 c - 17 rations {!d}
 l - 4 chunks of flesh


   Skills:
 * Level 9.7 Dodging
 + Level 3.2 Stealth
 + Level 12.1 Spellcasting
 + Level 12.8 Conjurations
 + Level 0.2 Hexes


You had 27 spell levels left.
You knew the following spells:

 Your Spells              Type           Power        Failure   Level  Hunger
a - Magic Dart            Conj           ####         1%          1    None
b - Iskenderun's Mystic   Conj           ######..     1%          3    None
c - Confuse               Hex            ##......     13%         3    None

Your spell library contained the following spells:

 Spells                   Type           Power        Failure   Level  Hunger
 Shock                    Conj/Air       #####        1%          1    None
 Searing Ray              Conj           ######       1%          2    None
 Dazzling Spray           Conj/Hex       #####.       1%          3    None
 Fulminant Prism          Conj/Hex       #####.....   3%          4    None
 Sticky Flame             Conj/Fire      #####...     3%          4    None
 Blink Other              Tloc           ##....       4%          1    None
 Corona                   Hex            ##.....      4%          1    None
 Poisonous Vapours        Pois/Air       ##....       8%          2    None
 Irradiate                Conj/Tmut      #####.....   10%         5    None
 Tukima's Dance           Hex            ##......     13%         3    None
 Bolt of Magma            Conj/Fire/Erth ####......   24%         5    None
 Force Lance              Tloc           ##......     43%         4    None
 Petrify                  Tmut/Erth      ##......     43%         4    None
 Summon Scorpions         Summ/Pois      ##......     43%         4    None
 Yara's Violent Unravell  Hex/Tmut       ##........   43%         4    None
 Metabolic Englaciation   Hex/Ice        ##........   78%         5    None
 Passage of Golubria      Tloc           N/A          80%         5    None
 Summon Lightning Spire   Summ/Air       ##......     80%         5    None
 Mana Rupture             Conj/Hex       #####.....   96%         7    None
 Spellforged Servitor     Conj/Summ      #####.....   96%         7    None
 Invisibility             Hex            ##......     100%        6    None
 Malign Gateway           Summ/Tloc      ##........   100%        7    None
 Time Stop                Chrm/Tloc      N/A          100%        8    None


Dungeon Overview and Level Annotations

Branches:
Dungeon (8/12)             Temple (1/1) D:4
   Lair: D:7-9          Orc: D:8-11

Altars:
Ashenzari
Cheibriados
Dithmenos
Elyvilon
Fedhas
Gozag
Hepliaklqana
Kikubaaqudgha
Lugonu
Makhleb
Okawaru
Qazlal
Ru
Sif Muna
Trog
Uskayaw
Vehumet
Wu Jian
Xom
Yredelemnul
Zin
The Shining One

Shops:
D:6 [   D:8 ?

Annotations:
D:8 Joseph


Innate Abilities, Weirdness & Mutations

Your spells do not cause hunger and MP costs are reduced by 1.
Your bright wings attract enemies. (Stealth-)
You cannot fit into any form of body armour.
Your shimmering scales are hard and can block incoming attacks. (AC +6, SH +6)
You are small and have problems with some larger weapons.
You can fly continuously.
You have a pair of small horns on your head.
Your system is resistant to poisons. (rPois)
You expend magic power (3 MP) to strengthen your wands.


Message History

Confirm with . or Enter, or press ? or * to list all spells.
Aiming: Magic Dart (safe; 1% risk of failure)
Press: ? - help, Shift-Dir - straight line, f/p - Joseph
Aim: Joseph, wielding a +0 hunting sling of freezing and wearing a +3 leather armour of magic resistance (heavily wounded)
The magic dart hits Joseph.
Joseph is heavily wounded.
Joseph shoots a sling bullet.
The sling bullet hits you! The sling bullet freezes you.
* * * LOW HITPOINT WARNING * * *
Casting: Magic Dart (safe; 1% risk of failure)
Confirm with . or Enter, or press ? or * to list all spells.
Aiming: Magic Dart (safe; 1% risk of failure)
Press: ? - help, Shift-Dir - straight line, f/p - Joseph
Aim: Joseph, wielding a +0 hunting sling of freezing and wearing a +3 leather armour of magic resistance (heavily wounded)
The magic dart hits Joseph.
Joseph is heavily wounded.
Joseph shoots a sling bullet.
The sling bullet hits you!
* * * LOW HITPOINT WARNING * * *
The sling bullet freezes you.
You die...

.o..PFP.....#
.PP.PPP...#.####
P.P.P.P.P......
.PPPPP.r.P......).?
P.PP.PPPPP.P..#....
P.PP..P..P........
PP.PP...P..(.##..#
P.P......##..##.†#
..P.P....###.##.@#
##...##..###.##).######
##...+..................
##...##..###.###........
##..............@.......
##...##..###.###.#######
##...##..###'###....
.................#
>................#


You could see Joseph.

Vanquished Creatures
  An ugly thing (D:7)
  4 gargoyles (D:7)
  2 centaur skeletons
  A hippogriff (D:8)
  3 yaks (D:5)
  A wyvern (D:8)
  The ghost of rlgrobin the Shield-Bearer, an amateur FoFi (D:3)
  Menkaure (D:7)
  A water moccasin (D:5)
  3 porcupines (D:8)
  2 ice beasts
  A sky beast (D:7)
  2 black bears
  3 ogres
  2 phantoms
  2 centaurs
  A crocodile (D:8)
  7 bullfrogs
  3 big kobolds (D:3)
  A scorpion (D:5)
  10 wights
  2 howler monkeys
  2 crimson imps
  A centaur zombie (D:7)
  2 hounds
  4 orc priests
  A jelly (D:6)
  A quasit (D:5)
  5 orc wizards
  An iguana (D:4)
  4 worker ants
  2 hound skeletons
  2 worker ant zombies
  7 gnolls (D:3)
  9 adders
  A shadow imp (D:6)
  2 oozes
  2 adder skeletons
  4 worms
  2 dart slugs
  8 leopard geckos
  20 orcs
  5 bats
  A bat zombie (D:2)
  4 giant cockroaches
  3 goblins (D:1)
  5 hobgoblins
  14 jackals
  13 kobolds
  2 quokkas (D:2)
  2 ball pythons
  2 frilled lizards (D:1)
  A jackal zombie (D:2)
  A leopard gecko skeleton (D:2)
  3 rats
190 creatures vanquished.

Vanquished Creatures (others)
  4 fungi
  A plant (D:3)
5 creatures vanquished.

Grand Total: 195 creatures vanquished

Notes
Turn   | Place    | Note
-------+----------+-------------------------------------------
     0 | D:1      | Anmu the Fairy Conjurer began the quest for the Orb.
     0 | D:1      | Reached XP level 1. HP: 11/11 MP: 6/6
    96 | D:1      | Reached skill level 5 in Conjurations
   129 | D:1      | Reached XP level 2. HP: 17/17 MP: 7/7
   310 | D:1      | Reached XP level 3. HP: 21/21 MP: 9/9
   315 | D:1      | Learned a level 3 spell: Iskenderun's Mystic Blast
   732 | D:2      | Found a basalt altar of Yredelemnul.
  1075 | D:2      | Reached XP level 4. HP: 27/27 MP: 5/10
  2168 | D:3      | Noticed a phantom
  2173 | D:3      | Killed a phantom
  2173 | D:3      | Reached XP level 5. HP: 27/31 MP: 1/13
  2414 | D:3      | Found a runed translucent gate.
  2414 | D:3      | Found a runed translucent gate.
  2584 | D:3      | Reached XP level 6. HP: 36/36 MP: 5/14
  2907 | D:3      | Found a runed translucent gate.
  2907 | D:3      | Identified the +2 dagger of the Other Side {chaos, rN+
                  | Stlth+}
  2907 | D:3      | Noticed rlgrobin's ghost (amateur FoFi)
  3143 | D:3      | Gained mutation: You have a pair of small horns on your
                  | head. [potion of mutation]
  3143 | D:3      | Gained mutation: Your system is resistant to poisons.
                  | (rPois) [potion of mutation]
  3143 | D:3      | Gained mutation: You expend magic power (3 MP) to
                  | strengthen your wands. [potion of mutation]
  3150 | D:3      | Reached skill level 5 in Spellcasting
  3150 | D:3      | Reached XP level 7. HP: 35/41 MP: 7/17
  3152 | D:3      | Killed rlgrobin's ghost
  3152 | D:3      | Reached skill level 5 in Dodging
  3304 | D:4      | Found a staircase to the Ecumenical Temple.
  3322 | Temple   | Entered the Ecumenical Temple
  3423 | Temple   | Became a worshipper of Sif Muna the Loreminder
  3664 | D:4      | Reached XP level 8. HP: 46/46 MP: 12/19
  4124 | D:5      | Entered Level 5 of the Dungeon
  4130 | D:5      | Reached * piety under Sif Muna
  4130 | D:5      | Identified Sif Muna's Disquisition on Lucky Confrontation
                  | (Sif Muna gifted it to you on level 5 of the Dungeon)
  4130 | D:5      | Received a gift from Sif Muna
  4465 | D:5      | Reached XP level 9. HP: 49/51 MP: 16/23
  4483 | D:5      | Reached skill level 10 in Conjurations
  5000 | D:6      | Identified Kiofy's Almanac of Weightlessness and Hexes (Sif
                  | Muna gifted it to you on level 6 of the Dungeon)
  5000 | D:6      | Received a gift from Sif Muna
  5159 | D:6      | Reached skill level 10 in Spellcasting
  5236 | D:6      | Found Oqohod's Armour Emporium.
  5301 | D:6      | Reached XP level 10. HP: 54/56 MP: 14/26
  5463 | D:6      | Reached ** piety under Sif Muna
  5698 | D:7      | Noticed Menkaure
  5701 | D:7      | Killed Menkaure
  5988 | D:7      | Noticed a green ugly thing
  6064 | D:7      | Killed a green ugly thing
  6106 | D:7      | Noticed a gargoyle
  6110 | D:7      | Killed a gargoyle
  6110 | D:7      | Identified Sif Muna's Disquisition on Displaced Calling
                  | (Sif Muna gifted it to you on level 7 of the Dungeon)
  6110 | D:7      | Received a gift from Sif Muna
  6302 | D:7      | Noticed a gargoyle
  6307 | D:7      | Killed a gargoyle
  6374 | D:7      | Noticed a gargoyle
  6379 | D:7      | Killed a gargoyle
  6418 | D:7      | Noticed a gargoyle
  6423 | D:7      | Killed a gargoyle
  6619 | D:8      | Found Maten's Magic Scroll Boutique.
  6669 | D:8      | Reached XP level 11. HP: 45/61 MP: 7/29
  6680 | D:8      | Learned a level 3 spell: Confuse
  6799 | D:8      | Noticed Joseph
  6810 | D:8      | Shot with a sling bullet by Joseph

Skill      XL: |  1  2  3  4  5  6  7  8  9 10 |
---------------+-------------------------------+-----
Conjurations   | 5 6 7 8 9 11 12 | 12.8
Dodging        | 3 4 5 6 8 9 |  9.7
Spellcasting   | 3 4 5 6 8 10 12 | 12.1
Stealth        | 2 3 |  3.2
Hexes          | |  0.2

Action                   |  1- 3 |  4- 6 |  7- 9 | 10-12 || total
-------------------------+-------+-------+-------+-------++-------
 Cast: Magic Dart        |    45 |    18 |   113 |    30 ||   206
       Iskenderun's Myst |    14 |    57 |   110 |    81 ||   262
       Confuse           |       |       |       |    10 ||    10
  Use: Potion            |       |     6 |     2 |     1 ||     9
       Scroll            |       |       |     5 |     5 ||    10
  Eat: Chunk             |       |     6 |     4 |     4 ||    14
       Ration            |       |       |     1 |       ||     1
Armor: Skin              |       |       |     5 |       ||     5
Dodge: Dodged            |     5 |    14 |    28 |    15 ||    62
Block: Other             |     1 |     4 |    10 |    11 ||    26
       Reflection        |       |       |       |     4 ||     4
